 Dungeon Crawl Stone Soup version 0.14-a0-2327-g5ff15cf (webtiles) character file.

375 Honkfish the Covert (level 6, 0/36 HPs)
             Began as a Kobold Assassin on Jan 29, 2014.
             Succumbed to a scorpion's poison
             ... on Level 3 of the Dungeon.
             The game lasted 00:07:02 (3473 turns).

Honkfish the Covert (Kobold Assassin)               Turns: 3473, Time: 00:07:02

HP   0/36        AC  3     Str 10      XL: 6   Next: 42%
MP   6/6         EV 14     Int  9      God:
Gold 114         SH  0     Dex 19      Spells:  0 memorised,  5 levels left

rFire  . . .     SeeInvis .     a - +4,+3 dagger
rCold  . . .     Clarity  .     c - +0 robe
rNeg   . . .     Conserve .     (no shield)
rPois  .         rCorr    .     (no helmet)
rElec  .         rRot     .     d - +0 cloak
SustAb . .       Spirit   .     (no gloves)
rMut   .         Warding  .     (no boots)
Saprov + + .     Stasis   .     (no amulet)
MR     .....                    (no ring)
                                (no ring)

@: mildly poisoned, not resistant to hostile enchantments, extremely stealthy
A: disease resistance, carnivore 3, saprovore 2
a: no special abilities


You were on level 3 of the Dungeon.
You were very full.

You visited 1 branch of the dungeon, and saw 4 of its levels.

You collected 114 gold pieces.

Inventory:

Hand weapons
 a - a +4,+3 dagger (weapon)
 b - a +0 blowgun
Missiles
 e - 46 poisoned needles
 f - 2 curare-tipped needles
Armour
 c - a +0 robe (worn)
 d - a +0 cloak (worn)
 h - a +0 shield
Comestibles
 g - 2 meat rations
Scrolls
 k - a scroll of teleportation
 l - a scroll of amnesia
 n - 2 scrolls of identify
Potions
 i - a potion of blood


   Skills:
 + Level 2.5 Fighting
 + Level 4.1 Short Blades
 - Level 2.6 Throwing
 - Level 1.2 Dodging
 * Level 9.3 Stealth


You had 5 spell levels left.
You didn't know any spells.

Dungeon Overview and Level Annotations

Branches:
Dungeon (4/16)
 Temple: D:4-7

Altars:
Yredelemnul

Annotations:
D:2 Sigmund
D:3 Grinder


Innate Abilities, Weirdness & Mutations

You recuperate from illness quickly.
You are small and have problems with some larger weapons.
You are carnivorous and can eat meat at any time.
You can eat rotten meat.


Message History

Okay, then.
You see here a scorpion corpse.
* * * LOW HITPOINT WARNING * * *
You feel sick.
* * * LOW HITPOINT WARNING * * *
You feel sick.
* * * LOW HITPOINT WARNING * * *
You feel sick.
You start resting.
* * * LOW HITPOINT WARNING * * *
You feel sick.
You start resting.
* * * LOW HITPOINT WARNING * * *
You feel sick.
You start resting.
* * * LOW HITPOINT WARNING * * *
You feel sick.
You feel a little better.
You start resting.
You die...

#.##...#...#...#...#.
#.#..................
######.###################
####.........#
#............#
#<##....<)...#
#.##.........#
#.##.....%>..#
#.##......%.@#
#.##...).....#
#.##.........#
#.####.########.# #(# #.#
#.# #.# #.# #.# #.# #.#
#.# #.# #.# #.# #.# #.#
#.#


There were no monsters in sight!

Vanquished Creatures
  2 scorpions
  A worker ant (D:4)
  Jessica (D:3)
  2 green rats (D:2)
  2 gnolls
  7 adders
  A giant mite (D:3)
  An ooze (D:1)
  An orc (D:3)
  A ball python (D:3)
  2 bats
  2 giant cockroaches
  7 hobgoblins
  5 jackals (D:3)
  6 kobolds
  A quokka (D:3)
  4 giant geckos
  2 giant newts
  5 goblins
  A goblin skeleton (D:4)
  9 rats
63 creatures vanquished.

Notes
Turn   | Place    | Note
--------------------------------------------------------------
     0 | D:1      | Honkfish, the Kobold Assassin, began the quest for the Orb.
     0 | D:1      | Reached XP level 1. HP: 12/12 MP: 1/1
    21 | D:1      | Reached skill level 6 in Stealth
    21 | D:1      | Reached XP level 2. HP: 17/17 MP: 2/2
   320 | D:1      | Reached XP level 3. HP: 19/21 MP: 3/3
   811 | D:2      | Reached skill level 7 in Stealth
   811 | D:2      | Reached XP level 4. HP: 6/27 MP: 4/4
  1351 | D:2      | Noticed Sigmund
  1672 | D:3      | HP: 1/27 [poisoned by an adder]
  2074 | D:3      | Found a basalt altar of Yredelemnul.
  2147 | D:3      | Reached XP level 5. HP: 31/31 MP: 5/5
  2213 | D:3      | Reached skill level 8 in Stealth
  2403 | D:3      | Noticed Jessica
  2415 | D:3      | Killed Jessica
  2610 | D:3      | HP: 1/31 [jackal (1)]
  3141 | D:3      | Noticed Grinder
  3141 | D:3      | Paralysed by Grinder for 3 turns
  3162 | D:3      | Paralysed by Grinder for 3 turns
  3338 | D:4      | Reached XP level 6. HP: 34/36 MP: 6/6
  3354 | D:4      | Reached skill level 9 in Stealth
  3465 | D:3      | HP: 1/36 [poisoned by a scorpion]
  3473 | D:3      | Succumbed to a scorpion's poison

Action                   |  1- 3 |  4- 6 || total
-------------------------+-------+-------++-------
Melee: Dagger            |    77 |   164 ||   241
  Use: Scroll            |     5 |     5 ||    10
       Potion            |     1 |     3 ||     4
 Stab: Sleeping          |     9 |    11 ||    20
